 Dungeon Crawl Stone Soup version 0.21.1-1-g345015fe64 (webtiles) character file.

4638 Bapho the Cleaver (level 10, -4/86 HPs)
             Began as a Minotaur Monk on June 17, 2018.
             Was an Elder of Okawaru.
             Killed from afar by an electric eel (7 damage)
             ... with a bolt of electricity
             ... on level 8 of the Dungeon.
             The game lasted 00:19:08 (9585 turns).

Bapho the Cleaver (Minotaur Monk)                   Turns: 9585, Time: 00:19:09

Health: -4/86      AC: 20    Str: 18    XL:     10   Next: 20%
Magic:  16/16      EV:  8    Int:  7    God:    Okawaru [****..]
Gold:   402        SH:  0    Dex: 14    Spells: 9/9 levels left

rFire    . . .     SeeInvis .   a - +0 war axe (elec)
rCold    . . .     Gourm    .   (no shield)
rNeg     . . .     Faith    .   D - +0 plate armour
rPois    .         Spirit   .   (helmet restricted)
rElec    .         Reflect  .   t - +0 cloak
rCorr    .         Harm     .   B - +1 pair of gloves
MR       .....                  (no boots)
Stlth    ..........             (no amulet)
HPRegen  0.24/turn              d - +4 ring of protection
MPRegen  0.15/turn              Q - ring of flight

@: no status effects
A: retaliatory headbutt, horns 2
a: Heroism, Renounce Religion, Evoke Flight


You were on level 8 of the Dungeon.
You worshipped Okawaru.
Okawaru was greatly pleased with you.
You were not hungry.

You visited 2 branches of the dungeon, and saw 9 of its levels.
You also visited: Ossuary.

You collected 402 gold pieces.

Inventory:

Hand Weapons
 a - a +0 war axe of electrocution (weapon)
 b - a +0 hand crossbow
 e - a +0 hand axe
 E - the +8 rapier "Daxtinat" {drain, rElec rC+ rN+++ Int-5}
   (You found it on level 5 of the Dungeon)

   A truly terrible weapon, it drains the life of those it strikes.
   It affects your intelligence (-5).
   It protects you from cold.
   It insulates you from electricity.
   It renders you almost immune to negative energy.
Missiles
 i - 233 stones (quivered)
 M - 32 bolts
Armour
 f - a +0 ring mail
 k - a +0 chain mail
 t - a +0 cloak (worn)
 B - a +1 pair of gloves (worn)
 D - a +0 plate armour (worn)
 F - a +0 robe
Jewellery
 d - a +4 ring of protection (left hand)
 s - an uncursed ring of fire
 v - a -3 ring of protection
 Q - a ring of flight (right hand)
Wands
 u - a wand of digging (10)
 O - a wand of enslavement (12)
 R - a wand of scattershot (6)
 T - a wand of random effects (10)
Scrolls
 j - 4 scrolls of noise
 l - 2 scrolls of teleportation
 o - 9 scrolls of remove curse
 r - a scroll of magic mapping {unknown}
 w - 2 scrolls of amnesia {unknown}
 y - a scroll of enchant armour {unknown}
 C - a scroll of enchant weapon {unknown}
 G - a scroll of random uselessness {unknown}
 L - a scroll of blinking {unknown}
 S - a scroll of immolation {unknown}
Potions
 g - 5 potions of might
 h - a potion of mutation {unknown}
 m - 4 potions of lignification
 p - 8 potions of curing
 q - 3 potions of agility
 x - a potion of magic
 z - 2 potions of haste
 A - a potion of invisibility {unknown}
 H - 6 potions of brilliance {unknown}
 J - a potion of flight {unknown}
 K - 2 potions of heal wounds {unknown}
 N - a potion of berserk rage {unknown}
 P - a potion of cancellation
Comestibles
 c - 22 rations


   Skills:
 + Level 7.2 Fighting
 * Level 9.7 Axes
 + Level 5.9 Armour
 + Level 6.6 Dodging
 - Level 1.5 Stealth
 - Level 9.4 Invocations


You had 9 spell levels left.
You didn't know any spells.

Dungeon Overview and Level Annotations

Branches:
Dungeon (8/15)             Temple (1/1) D:5
   Lair: D:8-11

Altars:
Ashenzari
Cheibriados
Dithmenos
Elyvilon
Fedhas
Gozag
Hepliaklqana
Kikubaaqudgha
Makhleb
Nemelex Xobeh
Okawaru
Qazlal
Sif Muna
Trog
Vehumet
Wu Jian
Xom
Yredelemnul
Zin
The Shining One


Innate Abilities, Weirdness & Mutations

You reflexively headbutt those who attack you in melee.
You have a pair of horns on your head.


Message History

The electric eel shoots out a bolt of lightning at you!
The bolt of electricity hits the electric eel.
The electric eel completely resists.
The bolt of electricity hits you!
* * * LOW HITPOINT WARNING * * *
The electric eel shoots out a bolt of lightning at you!
The bolt of electricity hits you!
* * * LOW HITPOINT WARNING * * *
You feel better.
The electric eel shoots out a bolt of lightning at you!
The bolt of electricity hits the electric eel.
The electric eel completely resists.
The bolt of electricity hits you!
* * * LOW HITPOINT WARNING * * *
The electric eel shoots out a bolt of lightning at you!
The bolt of electricity hits you!
* * * LOW HITPOINT WARNING * * *
As you read the scroll of fear, it crumbles to dust.
You assume a fearsome visage.
The electric eel looks frightened! x2
The electric eel shoots out a bolt of lightning at you!
The bolt of electricity hits you!
You die...

..# #### #### ..##
####... ..# ...
#.....## #.# ..#
#...####.#### ..#
#)<.........##..#
#...##..........#####
###..###.#..@.........#
#≈≈...≈.≈≈...≈.≈†..".≈.
#.≈≈≈≈≈.≈≈≈≈≈≈≈≈≈≈≈≈≈≈≈
#≈≈♣♣♣≈≈≈♣♣♣;≈≈♣♣♣≈.≈♣♣
#≈≈ ♣≈≈≈♣ ♣≈.≈♣ ≈≈≈♣
#.≈ ♣≈.≈♣ ♣≈.≈♣ ≈≈♣ #≈
≈≈≈.≈≈ ≈≈.≈≈ ≈≈≈ #(
≈.≈.≈≈≈≈.≈.≈. ...
≈.≈≈≈≈≈.≈≈≈


You could see an electric eel (fleeing).

Vanquished Creatures
  The ghost of tim133133 the Cleaver, a novice DDFi (D:8)
  The ghost of Mesmodan the Covert, a novice SpEn (D:5)
  A shadow (D:6)
  Menkaure (D:5)
  A sky beast (D:5)
  A phantom (D:6)
  An ice beast (D:6)
  2 black bears (D:6)
  6 ogres
  4 centaurs
  3 elf zombies (Ossuary)
  3 bullfrogs
  3 scorpions
  3 howler monkeys
  An electric eel (D:8)
  4 crimson imps
  5 centaur zombies
  A quasit (D:5)
  5 human zombies (Ossuary)
  2 jellies
  Crazy Yiuf (D:2)
  4 centaur skeletons
  3 orc priests
  A bullfrog skeleton (D:7)
  2 hounds
  4 orc wizards
  8 worker ants
  Natasha (twice) (D:3)
  An iguana (D:4)
  3 mummies (Ossuary)
  A worker ant zombie (D:3)
  3 gnolls (D:6)
  13 adders
  3 shadow imps
  An ooze (D:2)
  3 worms
  4 dart slugs
  A leopard gecko (D:5)
  14 orcs
  4 giant cockroaches
  10 goblins
  9 hobgoblins
  19 jackals
  4 quokkas
  5 ball pythons
  9 bats
  7 frilled lizards
  A jackal skeleton (D:3)
  8 kobolds
  A leopard gecko skeleton (D:6)
  11 rats
209 creatures vanquished.

Notes
Turn   | Place    | Note
-------+----------+-------------------------------------------
     0 | D:1      | Bapho the Minotaur Monk began the quest for the Orb.
     0 | D:1      | Reached XP level 1. HP: 19/19 MP: 0/0
   111 | D:1      | Reached XP level 2. HP: 22/27 MP: 1/1
   201 | D:1      | Found a shattered altar of Ashenzari.
  1241 | D:2      | Reached XP level 3. HP: 33/33 MP: 2/2
  1275 | D:2      | Reached skill level 1 in Armour
  1364 | D:2      | Found a glowing silver altar of Zin.
  1511 | D:2      | Reached XP level 4. HP: 39/40 MP: 3/3
  1606 | D:2      | Found a runed door.
  1701 | D:2      | Reached skill level 5 in Axes
  2271 | D:2      | Noticed Crazy Yiuf
  2280 | D:2      | Killed Crazy Yiuf
  2280 | D:2      | Reached XP level 5. HP: 22/47 MP: 4/4
  2834 | D:3      | Found a radiant altar of Vehumet.
  3099 | D:3      | Noticed Natasha
  3102 | D:3      | Found a snail-covered altar of Cheibriados.
  3111 | D:3      | Killed Natasha
  3137 | D:3      | Noticed Natasha
  3159 | D:3      | Killed Natasha
  3679 | D:4      | Reached XP level 6. HP: 53/55 MP: 5/5
  3722 | D:4      | Reached skill level 5 in Fighting
  4421 | D:4      | Reached XP level 7. HP: 35/61 MP: 6/6
  4581 | D:4      | Reached skill level 5 in Dodging
  4994 | D:5      | Entered Level 5 of the Dungeon
  5106 | D:5      | Got a dazzling rapier
  5112 | D:5      | Identified the +8 rapier "Daxtinat" {drain, rElec rC+ rN+++ Int-5} (You found it on level 5 of the Dungeon)
  5422 | D:5      | Reached XP level 8. HP: 67/70 MP: 7/7
  5588 | D:5      | Noticed Menkaure
  5593 | D:5      | Killed Menkaure
  5598 | D:5      | Reached skill level 5 in Armour
  5816 | D:5      | Found a staircase to the Ecumenical Temple.
  5886 | Temple   | Entered the Ecumenical Temple
  5917 | Temple   | Became a worshipper of Warmaster Okawaru
  5917 | Temple   | Reached * piety under Okawaru
  5917 | Temple   | Reached ** piety under Okawaru
  6263 | D:5      | Reached skill level 1 in Invocations
  6268 | D:5      | Found a burning altar of Makhleb.
  6357 | D:5      | Found a shimmering altar of Xom.
  6507 | D:5      | Noticed Mesmodan's ghost (novice SpEn)
  6529 | D:5      | Killed Mesmodan's ghost
  6753 | D:6      | Reached skill level 5 in Invocations
  6838 | D:6      | Found a glowing golden altar of the Shining One.
  6956 | D:6      | Reached XP level 9. HP: 74/78 MP: 10/12
  7279 | D:6      | Reached *** piety under Okawaru
  7856 | D:6      | Found a snail-covered altar of Cheibriados.
  8261 | D:7      | Found a sand-covered staircase.
  8265 | Ossuary  | Entered an ossuary
  8780 | D:7      | Found a sparkling altar of Nemelex Xobeh.
  9388 | D:8      | Reached XP level 10. HP: 72/84 MP: 16/16
  9389 | D:8      | Noticed tim133133's ghost (novice DDFi)
  9408 | D:8      | Killed tim133133's ghost
  9408 | D:8      | Reached **** piety under Okawaru
  9583 | D:8      | HP: 3/86 [electric eel/bolt of electricity (5)]
  9585 | D:8      | Killed from afar by an electric eel

Skill      XL: |  1  2  3  4  5  6  7  8  9 10 |
---------------+-------------------------------+-----
Axes           | 4 5 6 8 9 |  9.7
Fighting       | 4 5 6 7 |  7.2
Armour         | 1 2 3 4 5 |  5.9
Dodging        | 4 5 6 |  6.6
Invocations    | 5 9 |  9.4
Stealth        | |  1.5

Action                   |  1- 3 |  4- 6 |  7- 9 | 10-12 || total
-------------------------+-------+-------+-------+-------++-------
Melee: Hand axe          |    84 |   228 |    43 |       ||   355
       Headbutt          |    11 |    37 |    57 |     7 ||   112
       Rapier            |       |       |    51 |       ||    51
       War axe           |       |       |   219 |    33 ||   252
 Fire: Hand crossbow     |       |       |    13 |       ||    13
Throw: Stone             |    71 |   120 |   197 |       ||   388
Invok: Heroism           |       |       |     1 |     1 ||     2
  Use: Scroll            |       |       |    10 |     1 ||    11
       Potion            |       |       |       |     1 ||     1
 Stab: Sleeping          |     3 |       |       |       ||     3
  Eat: Chunk             |     2 |     9 |    16 |     1 ||    28
Armor: Robe              |     6 |       |       |       ||     6
       Chain mail        |    39 |   139 |     7 |       ||   185
       Ring mail         |     3 |       |       |       ||     3
       Plate armour      |       |       |   196 |    12 ||   208
Dodge: Dodged            |    48 |    98 |   106 |     6 ||   258
